 Dungeon Crawl Stone Soup version 0.22.1-1-ga44c0e5 (webtiles) character file.

917 harcile the Slasher (level 8, -3/69 HPs)
             Began as a Hill Orc Fighter on Oct 4, 2018.
             Was a Follower of Uskayaw.
             Slain by an orc warrior
             ... wielding a +0 trident
              (11 damage)
             ... on level 6 of the Dungeon.
             The game lasted 00:15:35 (4429 turns).

harcile the Slasher (Hill Orc Fighter)              Turns: 4429, Time: 00:15:36

Health: -3/69      AC: 12    Str: 20    XL:     8   Next: 9%
Magic:  8/8        EV:  8    Int: 10    God:    Uskayaw [*.....]
Gold:   269        SH: 10    Dex: 11    Spells: 7/7 levels left

rFire    . . .     SeeInvis +   a - +1 long sword
rCold    . . .     Gourm    .   c - +0 shield
rNeg     . . .     Faith    .   u - +4 scale mail
rPois    .         Spirit   .   h - +0 helmet {SInv}
rElec    .         Reflect  .   (no cloak)
rCorr    .         Harm     .   (no gloves)
MR       .....                  (no boots)
Stlth    ..........             (no amulet)
HPRegen  0.21/turn              n - +2 ring of intelligence
MPRegen  0.11/turn              s - ring of flight

@: no status effects
A: no striking features
a: Stomp, Renounce Religion, Evoke Flight


You were on level 6 of the Dungeon.
You worshipped Uskayaw.
Uskayaw was noncommittal.
You were hungry.

You visited 2 branches of the dungeon, and saw 7 of its levels.
You also visited: Sewer.

You collected 269 gold pieces.

Inventory:

Hand Weapons
 a - a +1 long sword (weapon)
Missiles
 o - 4 javelins of penetration (quivered)
Armour
 c - a +0 shield (worn)
 h - a +0 helmet of see invisible (worn)
 u - a +4 scale mail (worn)
 v - a +1 leather armour of fire resistance
Jewellery
 n - a +2 ring of intelligence (left hand)
 s - a ring of flight (right hand)
Wands
 w - a wand of flame (29)
Scrolls
 e - 2 scrolls of teleportation
 g - a scroll of amnesia
 l - 3 scrolls of remove curse
 r - 2 scrolls of identify
Potions
 b - 2 potions of heal wounds
 d - a potion of might
 j - a potion of brilliance
 k - a potion of curing {unknown}
 m - a potion of lignification {unknown}
 p - a potion of agility {unknown}
 q - 2 potions of ambrosia {unknown}
 t - 2 potions of flight
 x - a potion of mutation {unknown}
Comestibles
 f - 12 rations


   Skills:
 + Level 5.4 Fighting
 + Level 6.2 Long Blades
 + Level 4.9 Armour
 + Level 2.0 Dodging
 + Level 0.3 Stealth
 + Level 5.8 Shields


You had 7 spell levels left.
You didn't know any spells.
Your spell library was empty.

Dungeon Overview and Level Annotations

Branches:
Dungeon (6/15)             Temple (1/1) D:4

Altars:
Ashenzari
Cheibriados
Dithmenos
Elyvilon
Fedhas
Gozag
Hepliaklqana
Kikubaaqudgha
Makhleb
Okawaru
Qazlal
Ru
Sif Muna
Trog
Uskayaw
Vehumet
Wu Jian
Xom
Yredelemnul
Zin
The Shining One

Shops:
D:4 (


Message History

The orc hits you but does no damage. You block the orc's attack.
The orc warrior hits you from afar with a trident!
The orc misses you.
You slash the orc!
You kill the orc!
The orc warrior closely misses you. You block the orc's attack.
The orc warrior hits you with a trident!!
Found a potion of brilliance.
Things that are here:
a hand axe; a ring mail; an orc corpse You completely miss the orc warrior.
The orc closely misses you. The orc warrior barely misses you.
You riposte.
You barely miss the orc warrior. The orc closely misses you.
You hit the orc warrior but do no damage.
The orc warrior hits you with a trident!
* * * LOW HITPOINT WARNING * * *
The orc barely misses you.
You riposte.
You completely miss the orc. You barely miss the orc warrior.
The orc warrior hits you with a trident!
You die...

.# .#
####.##
#.....#
#.....#
#.....#
#.....#
#.<†..#
##@o.##
+!...o....#
#.####...##
##..# #..#
...# ##.#
.#


You could see an orc warrior and an orc.

Vanquished Creatures
  An ice beast (D:5)
  A big kobold (Sewer)
  A howler monkey (D:4)
  A bullfrog zombie (D:5)
  3 orc priests
  A hound (D:4)
  3 orc wizards
  A bullfrog skeleton (D:4)
  2 centaur skeletons
  4 worker ants
  A hound zombie (D:5)
  2 hound skeletons (D:4)
  11 adders
  4 river rats (D:5)
  3 oozes
  5 worms
  3 dart slugs
  5 leopard geckos
  12 orcs
  A ball python (D:2)
  5 bats
  2 giant cockroaches
  9 goblins
  5 hobgoblins
  7 jackals
  6 kobolds
  8 frilled lizards
  14 rats
121 creatures vanquished.

Vanquished Creatures (others)
  5 dream sheep (D:5)
  A giant cockroach (D:1)
  A leopard gecko zombie (D:5)
7 creatures vanquished.

Grand Total: 128 creatures vanquished

Notes
Turn   | Place    | Note
-------+----------+-------------------------------------------
     0 | D:1      | harcile the Hill Orc Fighter began the quest for the Orb.
     0 | D:1      | Reached XP level 1. HP: 19/19 MP: 1/1
   113 | D:1      | Reached XP level 2. HP: 23/27 MP: 2/2
   311 | D:1      | Reached skill level 3 in Long Blades
   616 | D:2      | Reached XP level 3. HP: 27/33 MP: 3/3
   923 | D:2      | Reached XP level 4. HP: 36/40 MP: 4/4
  1480 | D:3      | Reached skill level 4 in Long Blades
  1594 | D:3      | Reached XP level 5. HP: 46/46 MP: 5/5
  2184 | D:4      | Reached XP level 6. HP: 37/53 MP: 6/6
  2618 | D:4      | Reached skill level 5 in Long Blades
  2664 | D:4      | Reached skill level 1 in Dodging
  2745 | D:4      | Reached skill level 5 in Fighting
  2877 | D:4      | Found Evygitti's Weapon Shop.
  2992 | D:4      | Found a staircase to the Ecumenical Temple.
  3001 | Temple   | Entered the Ecumenical Temple
  3026 | Temple   | Became a worshipper of Uskayaw the Reveler
  3222 | D:5      | Entered Level 5 of the Dungeon
  3262 | D:5      | Reached * piety under Uskayaw
  3265 | D:5      | Reached XP level 7. HP: 59/61 MP: 7/7
  3265 | D:5      | Reached ** piety under Uskayaw
  3287 | D:5      | Reached skill level 5 in Shields
  3292 | D:5      | Found a blossoming altar of Fedhas.
  3323 | D:5      | Found a shimmering altar of Xom.
  3323 | D:5      | Noticed a dream sheep
  3323 | D:5      | Noticed a dream sheep
  3323 | D:5      | Noticed a dream sheep
  3323 | D:5      | Noticed a dream sheep
  3323 | D:5      | Noticed a dream sheep
  3329 | D:5      | Killed a dream sheep
  3329 | D:5      | Killed a dream sheep
  3329 | D:5      | Killed a dream sheep
  3329 | D:5      | Killed a dream sheep
  3330 | D:5      | Killed a dream sheep
  3354 | D:5      | Found an ancient bone altar of Kikubaaqudgha.
  3383 | D:5      | Reached *** piety under Uskayaw
  3518 | D:5      | Found a hazy altar of Hepliaklqana.
  3584 | D:5      | Found a glowing drain.
  3588 | Sewer    | Entered a sewer
  3833 | Sewer    | Found a glowing silver altar of Zin.
  3944 | D:5      | Reached **** piety under Uskayaw
  3946 | D:5      | Reached skill level 6 in Long Blades
  4096 | D:5      | Reached XP level 8. HP: 64/68 MP: 8/8
  4247 | D:5      | Found a burning altar of Makhleb.
  4429 | D:6      | Slain by an orc warrior

Skill      XL: |  1  2  3  4  5  6  7 |
---------------+----------------------+-----
Long Blades    | 3 4 5 6 |  6.2
Fighting       | 4 5 |  5.4
Shields        | 4 5 |  5.8
Armour         | 4 |  4.9
Dodging        | 1 2 |  2.0
Stealth        | |  0.3

Action                   |  1- 3 |  4- 6 |  7- 9 || total
-------------------------+-------+-------+-------++-------
Melee: Long sword        |    94 |   278 |   166 ||   538
  Use: Scroll            |       |     3 |     2 ||     5
       Potion            |       |       |     2 ||     2
 Stab: Paralysed         |       |       |     2 ||     2
  Eat: Chunk             |       |     7 |     5 ||    12
Armor: Scale mail        |    44 |   140 |    98 ||   282
Dodge: Dodged            |    34 |    71 |   116 ||   221
Block: Shield            |    40 |   136 |   146 ||   322
       Rpst.: Long sword |    11 |    23 |    45 ||    79
